 Dungeon Crawl Stone Soup version bcrawl-1.19.2-6-g6a88ae04c9 (webtiles) character file.

Game seed: 1306012138367989012

1728 Artagas the Fighter (level 9, -1/76 HPs)
             Began as a Human Wizard on Jan 6, 2020.
             Was a Believer of Cheibriados.
             Slain by an orc
             ... wielding a +0 flail
              (5 damage)
             ... on level 5 of the Dungeon.
             The game lasted 00:31:55 (9435 turns).

Artagas the Fighter (Human Wizard)                  Turns: 9435, Time: 00:31:55

Health: -1/76      AC:  4    Str:  9 (12) XL:     9   Next: 25%
Magic:  10/22      EV: 12    Int: 26      God:    Cheibriados [**....]
Gold:   226        SH:  4    Dex: 13 (15) Spells: 12/26 levels left

rFire    . . .     SeeInvis +   s - +5 whip
rCold    . . .     Gourm    .   r - +0 buckler
rNeg     . . .     Faith    .   b - +0 robe
rPois    .         Spirit   .   c - +1 hat
rElec    .         Reflect  .   C - +0 cloak
rCorr    +         Harm     .   (no gloves)
MR       .....                  (no boots)
Stlth    ++........             (no amulet)
HPRegen  0.22/turn              i - ring of see invisible
MPRegen  0.18/turn              k - ring of resist corrosion

@: heavily drained, very slow
A: no striking features
a: Bend Time, Renounce Religion


You were on level 5 of the Dungeon.
You worshipped Cheibriados.
Cheibriados was pleased with you.
You were hungry.

You visited 2 branches of the dungeon, and saw 7 of its levels.

You collected 408 gold pieces.
You spent 182 gold pieces at shops.

Inventory:

Hand Weapons
 a - a +0 staff
 g - a +0 short sword
   (You took it off a kobold on level 1 of the Dungeon)
 l - a +0 hunting sling
   (You took it off a goblin on level 3 of the Dungeon)
 s - a +5 whip (weapon)
   (You took it off a gnoll on level 3 of the Dungeon)
 u - a +1 flail of draining
   (You took it off Edmund on level 5 of the Dungeon)
 w - a +1 dagger of venom
   (You took it off Ijyb on level 3 of the Dungeon)
 x - a +1 spear of pain
   (You took it off a goblin on level 3 of the Dungeon)
Missiles
 m - 1226 arrows
 y - 1110 stones (quivered)
 z - 708 sling bullets
Armour
 b - a +0 robe (worn)
 c - a +1 hat (worn)
 j - +0 iron dragon scales
   (You took it off a crimson imp on level 4 of the Dungeon)
 r - a +0 buckler (worn)
   (You found it on level 3 of the Dungeon)
 C - a +0 cloak (worn)
   (You took it off Crazy Yiuf on level 3 of the Dungeon)
Magical Staves
 v - an uncursed staff of air
   (You found it on level 5 of the Dungeon)
Jewellery
 i - a ring of see invisible (left hand)
   (You found it on level 1 of the Dungeon)
 k - a ring of resist corrosion (right hand)
   (You found it on level 4 of the Dungeon)
Wands
 p - a wand of polymorph (6)
   (You took it off Ijyb on level 3 of the Dungeon)
Scrolls
 d - 2 scrolls of enchant armour
 f - 2 scrolls of magic mapping
 h - a scroll of amnesia
 n - a scroll of immolation
 o - 3 scrolls of identify
 q - a scroll of fog
 t - 4 scrolls of teleportation
Potions
 D - a potion of flight
Comestibles
 e - 11 rations {!d}


   Skills:
 - Level 9.3(7.6) Fighting
 + Level 2.6(1.3) Dodging
 - Level 2.4(1.0) Stealth
 - Level 4.2(2.7) Shields
 - Level 9.2(7.5) Spellcasting
 + Level 3.4(2.0) Conjurations
 - Level 3.0(1.6) Summonings
 - Level 1.1(0.0) Translocations
 - Level 2.0(0.6) Transmutations
 - Level 2.0(0.6) Poison Magic
 + Level 1.4(0.0) Invocations
 + Level 1.2(0.0) Evocations


You had 12 spell levels left.
You knew the following spells:

 Your Spells              Type           Power        Failure   Level  Hunger
a - Magic Dart            Conj           ###.         3%          1    None
b - Call Imp              Summ           ###...       5%          2    None
c - Mephitic Cloud        Conj/Pois/Air  ##......     14%         3    None
d - Conjure Flame         Conj/Fire      ###.....     14%         3    None
e - Spider Form           Tmut/Pois      ##.          16%         3    None
f - Blink                 Tloc           N/A          11%         2    None

Your spell library contained the following spells:

 Spells                   Type           Power        Failure   Level  Hunger
 Summon Butterflies       Summ           ###.....     3%          1    None
 Flame Tongue             Conj/Fire      ###..        4%          1    None
 Apportation              Tloc           #.....       7%          1    None
 Infusion                 Chrm           #.......     7%          1    None
 Sandblast                Erth           #.....       7%          1    None
 Slow                     Hex            #.......     7%          1    None
 Flaming Arrows           Chrm/Fire      #.......     11%         2    None
 Inner Flame              Hex/Fire       N/A          21%         3    None
 Sticky Flame             Conj/Fire      ###.....     41%         4    ##.....
 Fireball                 Conj/Fire      ###.......   77%         5    #####..


Dungeon Overview and Level Annotations

Branches:
Dungeon (6/12)             Temple (1/1) D:4

Altars:
Ashenzari
Cheibriados
Elyvilon
Nemelex Xobeh
Okawaru
Sif Muna
Uskayaw
Yredelemnul
The Shining One

Shops:
D:5 ?   D:6 [


Message History

You climb downwards.
An orc, an orc warrior, an orc priest and an orc wizard come into view.
The orc warrior is wielding a +0 battleaxe and wearing a +2 chain mail of poison resistance.
The orc priest shouts!
The orc warrior shouts!
The orc shouts!
Found a plate armour.
Found Zal Witt's Antique Armour Emporium.
There is a stone staircase leading up here.
Casting: Conjure Flame (safe; 14% risk of failure)
Confirm with . or Enter, or press ? or * to list all spells.
Okay, then.
Casting: Conjure Flame (safe; 14% risk of failure)
Confirm with . or Enter, or press ? or * to list all spells.
Aiming: Mephitic Cloud (safe; 14% risk of failure)
Press: ? - help, Shift-Dir - straight line The ball explodes into a vile cloud!
The stinking cloud engulfs the orc wizard.
The stinking cloud engulfs the orc warrior.
The orc warrior appears unharmed.
The stinking cloud engulfs the orc priest.
The orc priest is engulfed in noxious fumes.
The orc priest appears confused.
The orc wizard is engulfed in noxious fumes.
The orc wizard appears confused.
Casting: Mephitic Cloud (safe; 14% risk of failure)
Confirm with . or Enter, or press ? or * to list all spells.
Aiming: Mephitic Cloud (safe; 14% risk of failure)
Press: ? - help, Shift-Dir - straight line, f - orc warrior
Aim: an orc warrior, wielding a +0 battleaxe and wearing a +2 chain mail of poison resistance The ball explodes into a vile cloud!
The stinking cloud engulfs the orc warrior.
The orc warrior appears unharmed.
The stinking cloud engulfs the plant.
The plant appears unharmed.
The orc wizard is engulfed in noxious fumes.
The orc wizard appears confused.
Casting: Mephitic Cloud (safe; 14% risk of failure)
Confirm with . or Enter, or press ? or * to list all spells.
A beastly little devil appears in a puff of flame.
A worker ant zombie comes into view.
The orc priest is engulfed in noxious fumes.
The orc priest appears confused.
The orc wizard is engulfed in noxious fumes.
The orc wizard appears confused.
The orc warrior hits you with a +0 battleaxe.
Casting: Call Imp (safe; 5% risk of failure)
Confirm with . or Enter, or press ? or * to list all spells.
A beastly little devil appears in a puff of flame.
The orc wizard misses your crimson imp.
You hit the orc warrior.
The orc warrior is lightly wounded.
The orc warrior closely misses you.
The orc warrior hits your crimson imp with a +0 battleaxe.
The orc warrior hits your crimson imp with a +0 battleaxe!
Your crimson imp closely misses the orc warrior. x2
You closely miss the orc warrior.
The orc warrior is lightly wounded.
The orc warrior hits you with a +0 battleaxe!!
The orc warrior barely misses your crimson imp.
The orc warrior closely misses your crimson imp.
Your crimson imp hits the orc warrior but does no damage. x2
The orc misses your crimson imp.
You hit the orc warrior but do no damage.
The orc warrior hits you with a +0 battleaxe!
The orc warrior closely misses your crimson imp.
The orc warrior hits your crimson imp with a +0 battleaxe!
Your crimson imp dies!
Your crimson imp barely misses the orc warrior.
Casting: Call Imp (safe; 5% risk of failure)
Confirm with . or Enter, or press ? or * to list all spells.
Aiming: Magic Dart (safe; 3% risk of failure)
Press: ? - help, Shift-Dir - straight line, f/p - orc warrior
Aim: an orc warrior, wielding a +0 battleaxe and wearing a +2 chain mail of poison resistance The magic dart hits the orc warrior.
The orc warrior is moderately wounded.
The orc hits your crimson imp with a +0 flail.
The worker ant zombie bites your crimson imp but does no damage.
Your crimson imp hits the worker ant zombie but does no damage.
The orc warrior hits you with a +0 battleaxe!!
* * * LOW HITPOINT WARNING * * *
The orc warrior hits your crimson imp with a +0 battleaxe!
Your crimson imp dies!
You fail to use your ability.
Okay, then.
Okay, then.
Okay, then.
The orc warrior hits you with a +0 battleaxe!
* * * LOW HITPOINT WARNING * * *
You block the orc's attack. The worker ant zombie bites you.
* * * LOW HITPOINT WARNING * * *
You climb upwards.
There is a stone staircase leading down here.
Okay, then.
Okay, then.
The flow of time bends around you.
Cheibriados rebukes the orc warrior.
The orc warrior seems to slow down.
Cheibriados rebukes the orc.
The orc seems to slow down.
You feel slightly more hungry.
The orc warrior hits you but does no damage.
The orc hits you with a +0 flail.
You die...

.)....[##.# ##.#+###........#.#
.......##.# #...# ###.###..###
.......##.# ##..###....##....#
.......##.# #......#...##.#.#
.......##.### #......+#.....#.#
........#...# #......###.####.#
........###.# #......#...#....#
..........#.###.o.#'##.###.####
.......##.#.....@o#.##.#...#
.......##.####.##......#.###
#####...#.# #.....#.###.#
###.#.# #####.#.....#
#######.#.# #.#.#######
#.....#.#.# #...# #.###.#.#.#
#.### #.# #...#.######.# #.#
#####.#..#...#


You could see an orc warrior and an orc.

Vanquished Creatures
  Edmund (D:5)
  A sky beast (D:4)
  Purgy (D:4)
  2 slaves
  An ogre (D:4)
  A centaur (D:5)
  A bullfrog (D:4)
  2 scorpions (D:4)
  2 crimson imps (D:4)
  A gnoll shaman (D:5)
  A hound (D:4)
  Crazy Yiuf (D:3)
  3 orc priests (D:5)
  3 orc wizards
  4 worker ants
  Ijyb (D:3)
  7 gnolls
  2 adders
  An ooze (D:2)
  2 worms
  3 dart slugs
  2 leopard geckos (D:2)
  13 orcs
  5 bats
  7 hobgoblins
  11 jackals
  5 kobolds
  2 quokkas
  A ball python (D:3)
  A ball python skeleton (D:4)
  3 frilled lizards
  10 goblins
  4 rats
105 creatures vanquished.

Vanquished Creatures (collateral kills)
  Pikel (D:4)
  A slave (D:4)
  An ogre (D:4)
  A bullfrog zombie (D:5)
  2 orc priests (D:4)
  A worker ant (D:4)
  An adder (D:2)
  2 worms
  A leopard gecko (D:2)
  5 orcs
  A giant cockroach (D:2)
  2 goblins (D:3)
  A hobgoblin (D:1)
  3 jackals
  A kobold (D:1)
24 creatures vanquished.

Grand Total: 129 creatures vanquished

Notes
Turn   | Place    | Note
-------+----------+-------------------------------------------
     0 | D:1      | Artagas the Human Wizard began the quest for the Orb.
     0 | D:1      | Reached XP level 1. HP: 13/13 MP: 4/4
   216 | D:1      | Reached skill level 2 in Conjurations
   230 | D:1      | Reached XP level 2. HP: 10/19 MP: 0/6
   346 | D:1      | Learned a level 2 spell: Call Imp
  1216 | D:1      | Learned a level 2 spell: Blink
  1220 | D:2      | Reached skill level 3 in Conjurations
  1220 | D:2      | Reached XP level 3. HP: 24/24 MP: 3/7
  1915 | D:2      | Reached skill level 1 in Fighting
  2152 | D:2      | Reached skill level 2 in Summonings
  2152 | D:2      | Reached XP level 4. HP: 27/32 MP: 1/8
  2503 | D:2      | Reached skill level 2 in Fighting
  2951 | D:2      | Learned a level 3 spell: Conjure Flame
  3356 | D:3      | Reached XP level 5. HP: 38/38 MP: 5/9
  3714 | D:3      | Noticed Ijyb
  3769 | D:3      | Killed Ijyb
  3937 | D:3      | Reached skill level 4 in Spellcasting
  4409 | D:3      | Found a runed door.
  4643 | D:3      | Noticed Crazy Yiuf
  4677 | D:3      | Killed Crazy Yiuf
  4677 | D:3      | Reached skill level 3 in Summonings
  4677 | D:3      | Reached XP level 6. HP: 28/44 MP: 0/12
  4682 | D:3      | Learned a level 3 spell: Spider Form
  4914 | D:4      | HP: 6/45 [poisoned by a worker ant]
  4915 | D:4      | Reached skill level 9 in Fighting
  4915 | D:4      | Reached skill level 9 in Spellcasting
  4915 | D:4      | Reached XP level 7. HP: 9/64 MP: 12/19
  4919 | D:4      | HP: 7/64 [poisoned by a worker ant]
  4926 | D:4      | HP: 6/64 [poisoned by a worker ant]
  4931 | D:4      | HP: 5/64 [poisoned by a worker ant]
  5285 | D:4      | Noticed Pikel
  5653 | D:4      | Found a staircase to the Ecumenical Temple.
  5661 | Temple   | Entered the Ecumenical Temple
  5717 | Temple   | Became a worshipper of Cheibriados the Contemplative
  5799 | D:4      | Reached skill level 1 in Poison Magic
  5860 | D:4      | Reached skill level 1 in Shields
  5860 | D:4      | Reached skill level 1 in Transmutations
  5922 | D:4      | HP: 9/64 [crimson imp (3)]
  6093 | D:4      | Learned a level 3 spell: Mephitic Cloud
  6269 | D:4      | Noticed Purgy
  6290 | D:4      | Killed Purgy
  6290 | D:4      | Reached XP level 8. HP: 53/71 MP: 5/21
  6367 | D:4      | Reached * piety under Cheibriados
  6630 | D:4      | Reached skill level 2 in Shields
  6630 | D:4      | Reached skill level 2 in Transmutations
  6630 | D:4      | Reached skill level 2 in Poison Magic
  7482 | D:4      | Killed Pikel
  7482 | D:4      | Reached skill level 3 in Shields
  7507 | D:4      | Reached skill level 4 in Shields
  7924 | D:5      | Entered Level 5 of the Dungeon
  8168 | D:5      | Noticed Edmund
  8207 | D:5      | Killed Edmund
  8207 | D:5      | Reached XP level 9. HP: 48/76 MP: 11/22
  8519 | D:5      | Reached skill level 1 in Invocations
  8525 | D:5      | Reached skill level 1 in Evocations
  8903 | D:5      | Found Varuza's Magic Scroll Shoppe.
  8909 | D:5      | Bought a scroll of identify for 28 gold pieces
  8909 | D:5      | Bought a scroll of identify for 28 gold pieces
  8909 | D:5      | Bought a scroll of identify for 28 gold pieces
  8909 | D:5      | Bought a scroll of identify for 28 gold pieces
  8909 | D:5      | Bought a scroll of teleportation for 42 gold pieces
  8909 | D:5      | Bought a scroll of fog for 28 gold pieces
  9098 | D:5      | Noticed a +0 dagger
  9099 | D:5      | Found a hide-covered altar of Uskayaw.
  9099 | D:5      | Noticed a -2 dagger
  9127 | D:5      | Reached ** piety under Cheibriados
  9423 | D:6      | Found Zal Witt's Antique Armour Emporium.
  9433 | D:6      | HP: 10/76 [orc warrior/+0 battleaxe (13)]
  9433 | D:6      | HP: 4/76 [worker ant zombie (6)]
  9435 | D:5      | Slain by an orc

Skill      XL: |  1  2  3  4  5  6  7  8  9 |
---------------+----------------------------+-----
Conjurations   | 2 3 |  3.4
Fighting       | 1 2 9 |  9.3
Summonings     | 2 3 |  3.0
Spellcasting   | 4 9 |  9.2
Poison Magic   | 1 2 |  2.0
Shields        | 1 4 |  4.2
Transmutations | 1 2 |  2.0
Invocations    | 1 |  1.4
Evocations     | 1 |  1.2
Dodging        | |  2.6
Stealth        | |  2.4
Translocations | |  1.1

Action                   |  1- 3 |  4- 6 |  7- 9 || total
-------------------------+-------+-------+-------++-------
Melee: Staff             |    13 |       |       ||    13
       Short sword       |    39 |    17 |       ||    56
       Dagger            |       |    37 |    64 ||   101
       Spear             |       |    35 |    91 ||   126
       Unarmed           |       |       |    20 ||    20
       Whip              |       |       |    65 ||    65
 Cast: Magic Dart        |    75 |    58 |    61 ||   194
       Call Imp          |    13 |    24 |    50 ||    87
       Conjure Flame     |       |     2 |     2 ||     4
       Mephitic Cloud    |       |       |    26 ||    26
       Spider Form       |       |       |     3 ||     3
Invok: Bend Time         |       |       |     2 ||     2
Evoke: Wand              |       |       |     1 ||     1
  Use: Scroll            |     5 |     1 |     7 ||    13
       Potion            |       |     6 |     4 ||    10
 Stab: Confused          |       |       |     7 ||     7
       Distracted        |       |       |     1 ||     1
       Sleeping          |       |       |     1 ||     1
  Eat: Chunk             |     4 |    10 |     5 ||    19
       Ration            |       |       |     1 ||     1
Armor: Robe              |     4 |    15 |    46 ||    65
       Skin              |       |       |     3 ||     3
Dodge: Dodged            |    37 |    51 |   160 ||   248
Block: Buckler           |       |     6 |    42 ||    48

Levels and vault maps discovered:
D:1:      saegor_arrival_simple_b, layout_rooms, item_on_display_a
D:2:      layout_basic, due_unseen_surprise
D:3:      kennysheep_the_goblin_king, layout_basic, minmay_checkerbox,
          uniq_crazy_yiuf_cottage
D:4:      layout_gridville, minmay_temple_entry_drinking_statues, uniq_pikel,
          uniq_purgy
D:5:      layout_basic, dancing_weapons_uskayaw, serial_shops, shop,
          first_ration, uniq_edmund
D:6:      layout_loops_corners, minitemple, serial_shops,
          nicolae_shop_overgrown_old_shop, uniq_grinder
Temple:   eino_temple_rhombus

Table legend:
 A = Turns spent in this place as a percentage of turns spent in the entire game.
 B = Non-inter-level travel turns spent in this place as a percentage of non-inter-level travel turns spent in the entire game.
 C = Inter-level travel turns spent in this place as a percentage of turns spent in this place.
 D = Turns resting spent in this place as a percentage of non-inter-level travel turns spent in this place.
 E = Turns spent auto-exploring this place as a percentage of non-inter-level travel turns spent in this place.
 F = Non-inter-level travel turns spent in this place divided by the number of levels of this place that you've seen.
                   A       B       C       D       E      F
               +-------+-------+-------+-------+-------+----------------------
         Total | 100.0 | 100.0 |   2.4 |  31.2 |  47.7 | 1315.9
       Dungeon |  99.3 |  99.3 |   2.4 |  31.4 |  48.0 | 1524.7
        Temple |   0.7 |   0.7 |   0.0 |   0.0 |   1.6 |  63.0
               +-------+-------+-------+-------+-------+----------------------

Table legend:
 A = Kills in this place as a percentage of kills in entire the game.
 B = Kills by you in this place as a percentage of kills by you in the entire game.
 C = Kills by friends in this place as a percentage of kills by friends in the entire game.
 D = Other kills in this place as a percentage of other kills in the entire game.
 E = Experience gained in this place as a percentage of experience gained in the entire game.
 F = Experience gained in this place divided by the number of levels of this place that you have seen.
                   A       B       C       D       E      F
               +-------+-------+-------+-------+-------+----------------------
         Total | 100.0 | 100.0 | 100.0 | 100.0 | 100.0 | 310.4
       Dungeon | 100.0 | 100.0 | 100.0 | 100.0 | 100.0 | 362.2
               +-------+-------+-------+-------+-------+----------------------
